 Dungeon Crawl Stone Soup version 0.18.1-48-g4cf74bf (webtiles) character file.

118 MistressOfTheDunes the Insei (level 4, -5/35 HPs)
             Began as a Mummy Monk on June 26, 2016.
             Slain by a gnoll
             ... wielding a +0 halberd
              (17 damage)
             ... on level 2 of the Dungeon.
             The game lasted 00:07:11 (5115 turns).

MistressOfTheDunes the Insei (Mummy Monk)           Turns: 5115, Time: 00:07:12

Health: -5/35      AC:  1    Str: 16    XL:     4   Next: 72%
Magic:  4/4        EV:  8    Int:  9    God:
Gold:   85         SH:  0    Dex: 15    Spells: 0 memorised, 3 levels left

rFire  x . .     SeeInvis +       - Unarmed
rCold  + . .     Gourm    .     (no armour)
rNeg   + + +     Faith    .     (no shield)
rPois  ∞         Spirit   .     (no helmet)
rElec  .         Dismiss  .     (no cloak)
rCorr  .         Reflect  .     (no gloves)
SustAt .         Harm     .     a - +0 pair of boots
MR     .....                    (no amulet)
Stlth  ++........               d - +2 ring of strength
                                b - ring of see invisible

@: not resistant to hostile enchantments, unstealthy
A: no food or potions, fire vulnerability, cold resistance 1, negative energy
resistance 3, torment resistance, unbreathing
a: no special abilities


You were on level 2 of the Dungeon.
You were not hungry.

You visited 1 branch of the dungeon, and saw 3 of its levels.

You collected 85 gold pieces.


Innate Abilities, Weirdness & Mutations

You do not eat or drink.
Your flesh is vulnerable to fire.
You are immune to poison.
Your flesh is cold resistant.
You are immune to negative energy.
You are immune to unholy pain and torment.
You can survive without breathing.


   Skills:
 + Level 3.2 Fighting
 - Level 2.4 Dodging
 - Level 1.5 Stealth
 - Level 5.0 Unarmed Combat


You had 3 spell levels left.
You didn't know any spells.

Inventory:

Armour
 a - a +0 pair of boots (worn)
Jewellery
 b - a ring of see invisible (left hand)
 d - a +2 ring of strength (right hand)
 g - a cursed amulet of inaccuracy {unknown}
Scrolls
 c - 2 scrolls of remove curse (quivered) {unknown}
 e - a scroll of immolation {unknown}
 f - a scroll of random uselessness {unknown}
 h - 2 scrolls of identify {unknown}

Dungeon Overview and Level Annotations

Branches:
Dungeon (3/15)

Altars:

Annotations:
D:1 Robin
D:2 !fodder with chaos
D:3 Grinder

.▒.▒▒.▒(▒▒▒.▒▒▒..▒ ▒.▒
.▒.▒)...▒ ▒▒.▒.▒.▒ ▒.▒
..▒b....▒ ▒▒.▒▒.▒ ▒.▒
▒▒>▒...▒▒▒▒▒▒g▒▒.▒▒▒>▒▒
▒....(......▒.........▒
▒..▒▒.▒▒▒▒▒...........▒
(.....▒ ▒▒▒▒▒▒g▒▒...▒▒
▒<▒▒▒.▒ ▒...........▒
▒)▒ ▒.▒ ▒.▒▒▒M▒▒.▒..▒
▒.▒ ▒.▒ ▒.▒▒▒.▒..▒..▒
▒.▒▒▒.▒▒▒▒▒▒.▒▒.%▒.▒▒..▒
▒................▒.▒...▒
▒▒▒▒▒.▒▒▒▒▒▒..>........▒
▒ ▒▒▒.▒ ▒▒▒▒▒▒▒▒▒..▒...▒
▒▒▒...▒ ▒.............▒▒
......▒ ▒.▒▒▒▒▒▒▒..▒▒▒▒
.▒▒...▒ ▒.▒ ▒..▒


You could see a gnoll.


Message History

There is a stone staircase leading down here!
You swing at nothing!
The gnoll shouts!!! x2
The gnoll throws a throwing net!
The throwing net hits you!
You become entangled in the net!!!
You try to slip out of the net!
You try to slip out of the net!
The gnoll hits you from afar with a halberd!!!
You struggle against the net!
The gnoll hits you from afar with a halberd! * * * don't die
* * * You slip out of the net!!!
The gnoll closely misses you! The gnoll misses you!
The bat barely misses you! x2
You closely miss the bat! The bat barely misses you!
You closely miss the bat! The bat misses you! The bat hits you! * * * don't die
* * * You closely miss the bat!
The bat hits you! * * * don't die
* * * The gnoll closely misses you!
The bat completely misses you! The bat barely misses you!
You pulverise the bat!
The bat is moderately wounded!
The bat misses you! The bat barely misses you! The gnoll closely misses you!
You pummel the bat like a punching bag!!!
You annihilate the bat!!!
The gnoll hits you from afar with a halberd! * * * don't die
* * *
There is a stone staircase leading up here!
The gnoll hits you from afar with a halberd!!! rip

Action                   |  1- 3 |  4- 6 || total
-------------------------+-------+-------++-------
Melee: Unarmed           |   133 |    93 ||   226
       Punch             |     5 |     2 ||     7
 Stab: Sleeping          |     1 |     2 ||     3
Armor: Skin              |     4 |    14 ||    18
Dodge: Dodged            |    78 |    85 ||   163

Vault maps used:
D:1:      noname_arrival_rooms_in_the_neighbourhood
D:2:      tgw_xom, first_bread, dk_noncrumbling_3, item_on_display_a, uniq_robin
D:3:      saegor_snake_ambush, uniq_grinder

Notes
Turn   | Place    | Note
--------------------------------------------------------------
     0 | D:1      | MistressOfTheDunes the Mummy Monk began the quest for the Orb.
     0 | D:1      | Reached XP level 1. HP: 18/18 MP: 1/1
   525 | D:1      | Reached XP level 2. HP: 8/24 MP: 2/2
  1092 | D:2      | Noticed Robin
  1738 | D:2      | Reached skill level 4 in Unarmed Combat
  1842 | D:2      | Reached XP level 3. HP: 23/29 MP: 3/3
  2135 | D:1      | HP: 2/29 [adder (4)]
  3197 | D:1      | Reached XP level 4. HP: 35/35 MP: 4/4
  4771 | D:1      | Reached skill level 5 in Unarmed Combat
  5012 | D:3      | Noticed Grinder
  5115 | D:2      | Slain by a gnoll

Vanquished Creatures
  2 adders
  4 gnolls
  A worm (D:2)
  A dart slug (D:2)
  A giant gecko (D:1)
  An orc (D:1)
  5 bats
  13 goblins
  7 hobgoblins
  2 ball pythons (D:2)
  7 giant newts
  5 kobolds
  10 rats
59 creatures vanquished.
